Map: Newkirk Precinct TE (Void)

Players

zmd - Winner!

  • Race: Protoss Protoss
  • League: Diamond
  • Spawn Location: 7:00

Voodoochilli

  • Race: Terran Terran
  • League: Diamond
  • Spawn Location: 5:00

VOD

Have the link to the VOD?

Description

Time

  • Played on: Feb. 9, 2017, 10:17 a.m.
  • Length: 20:58
Show
View Real Time Build Order
Export as new Build Order

zmd Protoss - Winner!

Build Orders: 1 Gate Expand, Phoenix Opening 

Get SALT Encoding   

  12  0:01  Probe (Chrono Boost)  
  13  0:11  Probe (Chrono Boost)  
  14  0:20  Pylon  
  14  0:22  Probe (Chrono Boost)  
  15  0:39  Probe (Chrono Boost)  
  15  0:40  Gateway  
  15  0:42  Assimilator  
  16  0:49  Probe (Chrono Boost)  
  17  1:00  Probe (Chrono Boost)  
  18  1:18  Nexus  
  18  1:21  Probe (Chrono Boost)  
  19  1:30  Cybernetics Core  
  19  1:33  Probe (Chrono Boost)  
  20  1:43  Probe (Chrono Boost)  
  20  1:45  Assimilator  
  21  1:48  Pylon  
  22  1:54  Probe (Chrono Boost)  
  22  2:07  Mothership Core (Chrono Boost)  
  24  2:09  Adept  
  26  2:18  Warp Gate  
  26  2:25  Probe (Chrono Boost)  
  27  2:30  Probe (Chrono Boost)  
  27  2:36  Probe (Chrono Boost)  
  29  2:41  Probe (Chrono Boost)  
  30  2:46  Probe (Chrono Boost)  
  30  2:49  Stargate  
  32  2:51  Probe (Chrono Boost)  
  32  2:57  Probe (Chrono Boost)  
  33  3:00  Pylon  
  33  3:02  Probe (Chrono Boost)  
  34  3:07  Probe (Chrono Boost)  
  34  3:10  Gateway  
  35  3:13  Assimilator  
  35  3:14  Probe (Chrono Boost)  
  35  3:18  Probe (Chrono Boost)  
  37  3:24  Probe (Chrono Boost)  
  36  3:42  Probe x2 (Chrono Boost)  
  36  3:45  Robotics Facility  
  38  3:51  Gateway  
  38  3:55  Twilight Council  
  38  3:59  Phoenix  
  38  4:01  Probe (Chrono Boost)  
  42  4:02  Probe (Chrono Boost)  
  42  4:06  Assimilator  
  42  4:17  Pylon  
  42  4:19  Probe (Chrono Boost)  
  42  4:20  Probe (Chrono Boost)  
  44  4:28  Phoenix  
  37  4:53  Stalker x2  
  36  5:14  Observer  
  36  5:15  Blink  
  36  5:17  Probe x2 (Chrono Boost)  
  36  5:19  Nexus  
  36  5:21  Pylon  
  39  5:23  Stalker  
  39  5:24  Stalker  
  39  5:27  Probe (Chrono Boost)  
  45  5:29  Probe (Chrono Boost)  
  41  5:44  Phoenix  
  41  5:46  Probe (Chrono Boost)  
  41  5:47  Probe (Chrono Boost)  
  45  5:50  Adept x2  
  45  5:51  Adept  
  51  6:00  Probe x2 (Chrono Boost)  
  53  6:11  Probe (Chrono Boost)  
  55  6:12  Probe (Chrono Boost)  
  55  6:21  Probe (Chrono Boost)  
  55  6:22  Robotics Bay  
  55  6:24  Probe (Chrono Boost)  
  57  6:26  Pylon  
  57  6:28  Adept  
  57  6:29  Observer  
  57  6:32  Probe (Chrono Boost)  
  61  6:36  Probe (Chrono Boost)  
  62  6:42  Probe (Chrono Boost)  
  63  6:48  Probe (Chrono Boost)  
  63  7:03  Robotics Facility  
  63  7:09  Colossus  
  63  7:11  Probe x2 (Chrono Boost)  
  63  7:12  Probe (Chrono Boost)  
  63  7:13  Stalker  
  63  7:14  Stalker  
  63  7:15  Sentry  
  78  7:21  Forge  
  78  7:22  Probe (Chrono Boost)  
  79  7:24  Probe (Chrono Boost)  
  79  7:28  Forge  
  80  7:33  Probe x2 (Chrono Boost)  
  80  7:37  Probe (Chrono Boost)  
  83  7:39  Pylon  
  83  7:40  Assimilator  
  83  7:43  Probe x2 (Chrono Boost), Resonating Glaives  
  85  7:48  Extended Thermal Lance  
  85  7:54  Probe x2 (Chrono Boost), Colossus  
  87  7:59  Probe (Chrono Boost)  
  94  8:10  Colossus  
  94  8:15  Pylon  
  100  8:23  Assimilator  
  100  8:25  Nexus  
  100  8:27  Pylon  
  100  8:40  Stalker x2  
  100  8:41  Stalker  
  105  8:45  Pylon  
  105  8:54  Probe (Chrono Boost)  
  108  8:55  Probe x2 (Chrono Boost)  
  108  9:05  Probe (Chrono Boost)  
  108  9:07  Nexus, Probe (Chrono Boost)  
  108  9:08  Probe (Chrono Boost)  
  106  9:11  Zealot x3  
  102  9:25  Protoss Ground Armor Level 1, Protoss Ground Weapons Level 1  
  99  9:34  Colossus x2  
  111  9:44  Photon Cannon  
  111  9:46  Charge  
  111  9:48  Probe (Chrono Boost), Photon Cannon  
  111  9:49  Probe x2 (Chrono Boost)  
  114  9:54  Probe (Chrono Boost)  
  114  9:58  Probe (Chrono Boost)  
  117  10:01  Probe x2 (Chrono Boost), Pylon  
  117  10:02  Pylon  
  117  10:04  Probe (Chrono Boost)  
  119  10:11  Probe (Chrono Boost)  
  119  10:13  Probe (Chrono Boost)  
  119  10:14  Probe (Chrono Boost)  
  122  10:15  Gateway, Probe (Chrono Boost)  
  122  10:18  Gateway  
  123  10:22  Probe (Chrono Boost)  
  123  10:23  Pylon  
  123  10:25  Photon Cannon  
  124  10:31  Observer x2  
  126  10:38  Stargate  
  126  10:39  Fleet Beacon  
  129  10:43  Probe (Chrono Boost)  
  129  10:44  Probe x2 (Chrono Boost), Mothership Core (Chrono Boost)  
  129  10:45  Probe (Chrono Boost)  
  129  10:48  Pylon  
  132  10:52  Pylon  
  132  10:56  Probe x2 (Chrono Boost), Assimilator  
  135  10:58  Probe (Chrono Boost)  
  135  11:00  Assimilator  
  135  11:03  Protoss Ground Armor Level 2  
  135  11:04  Templar Archives  
  135  11:09  Immortal  
  135  11:10  Immortal  
  143  11:13  Observer Gravitic Boosters  
  143  11:14  Pylon  
  143  11:17  Protoss Ground Weapons Level 2  
  143  11:25  Carrier  
  143  11:32  Pylon  
  149  11:43  Zealot x3  
  149  11:45  Photon Cannon  
  155  11:48  Pylon  
  155  11:50  Assimilator  
  151  12:13  Gateway  
  151  12:16  Probe x2 (Chrono Boost)  
  151  12:17  Probe x2 (Chrono Boost)  
  155  12:25  Photon Cannon  
  155  12:26  Assimilator  
  155  12:28  Probe x2 (Chrono Boost)  
  157  12:31  Gateway  
  157  12:32  Gateway  
  157  12:33  Graviton Catapult  
  157  12:34  Carrier  
  157  12:35  Gateway  
  165  12:37  Colossus  
  165  12:38  Probe x3 (Chrono Boost), Colossus  
  165  12:40  Protoss Air Weapons Level 1  
  178  12:52  Photon Cannon  
  178  12:54  Photon Cannon  
  178  12:57  High Templar x2  
  178  12:58  High Templar  
  184  13:04  Gateway  
  184  13:05  Gateway  
  184  13:13  Protoss Ground Weapons Level 3, Gateway  
  184  13:16  Carrier  
  184  13:17  Protoss Ground Armor Level 3  
  190  13:30  Pylon  
  190  13:38  Gateway  
  190  13:39  Gateway  
  190  13:44  Gateway  
  190  13:51  Pylon  
  190  13:53  Gateway, Psionic Storm, Colossus  
  190  13:54  Gateway  
  196  13:56  Gateway  
  196  13:57  Immortal  
  200  14:21  Gateway  
  200  14:23  Gateway  
  200  14:26  Gateway  
  200  14:27  Gateway  
  200  14:31  Gateway x2  
  200  14:32  Pylon  
  196  14:58  Archon  
  176  15:14  High Templar x6  
  178  15:15  High Templar  
  178  15:21  Archon x2  
  190  15:28  Pylon  
  190  15:33  Nexus  
  190  15:35  Pylon  
  190  15:37  Pylon  
  190  15:40  Assimilator  
  190  15:45  Assimilator  
  190  15:48  Gateway x2  
  190  15:50  Gateway x2  
  190  15:53  Pylon  
  190  16:00  Carrier  
  196  16:16  Pylon  
  196  16:19  Cybernetics Core  
  196  16:22  Dark Shrine  
  196  16:25  Protoss Air Weapons Level 2  
  196  16:28  Photon Cannon  
  196  16:32  Photon Cannon  
  196  16:33  Protoss Shields Level 1  
  196  16:35  Photon Cannon  
  196  16:37  Photon Cannon  
  196  16:52  Protoss Air Armor Level 1  
  196  17:07  Nexus  
  196  17:08  Pylon  
  196  17:10  Pylon  
  196  17:13  Assimilator  
  196  17:16  High Templar  
  196  17:17  High Templar  
  196  17:18  Assimilator  
  193  17:58  Stargate  
  193  17:59  Stargate  
  193  18:02  Stargate  
  193  18:04  Photon Cannon  
  193  18:06  Photon Cannon  
  193  18:10  Photon Cannon  
  193  18:11  Carrier  
  199  18:13  Pylon  
  199  18:14  Protoss Shields Level 2  
  199  18:28  Pylon  
  199  18:35  Pylon  
  199  18:41  Observer  
  200  18:42  Gravitic Drive  
Show
View Real Time Build Order
Export as new Build Order

Voodoochilli Terran 

Build Orders: MMM Bio 

Get SALT Encoding   

  12  0:01  SCV  
  13  0:13  SCV  
  14  0:18  Supply Depot  
  14  0:27  SCV  
  15  0:31  Refinery  
  15  0:40  SCV  
  16  0:48  Barracks  
  16  0:54  SCV  
  17  1:06  SCV  
  18  1:18  SCV  
  19  1:35  Orbital Command  
  19  1:36  Marine  
  20  1:41  Factory  
  20  1:54  Marine  
  21  2:08  Command Center  
  21  2:12  Marine, SCV  
  23  2:36  Supply Depot  
  23  2:38  Starport  
  23  2:54  Bunker  
  23  2:57  Widow Mine, Marine  
  26  3:04  SCV  
  27  3:06  Engineering Bay  
  27  3:15  Medivac  
  29  3:26  Widow Mine  
  31  3:42  Orbital Command  
  31  3:50  Barracks Reactor  
  31  3:52  Barracks  
  31  3:55  Barracks  
  31  4:03  Supply Depot  
  31  4:07  Missile Turret  
  31  4:08  SCV x2  
  33  4:12  Factory Tech Lab  
  33  4:20  SCV x2  
  33  4:23  Refinery  
  35  4:32  SCV  
  35  4:54  Marine x2  
  34  5:10  Liberator  
  34  5:12  Barracks Tech Lab, Marine  
  34  5:14  Barracks Reactor  
  33  5:18  Missile Turret, SCV  
  33  5:20  Marine  
  35  5:28  Siege Tank  
  41  5:35  Marine  
  41  5:39  Refinery, SCV  
  41  5:40  Refinery, SCV  
  42  5:43  Supply Depot  
  42  5:48  Marine x2  
  42  5:50  Supply Depot  
  42  5:53  Marine  
  42  5:57  SCV x2  
  45  5:58  Supply Depot  
  45  5:59  Missile Turret  
  45  6:08  Terran Infantry Weapons Level 1  
  45  6:09  SCV x2  
  45  6:10  Marine x2  
  49  6:11  Command Center  
  49  6:13  Starport Reactor  
  49  6:21  SCV x2  
  51  6:27  Marauder, Marine  
  51  6:29  Stimpack  
  54  6:33  SCV x2  
  54  6:38  Marine x2  
  58  6:45  Marine, SCV  
  60  6:49  Marauder  
  62  6:56  Marine x2  
  62  6:57  Medivac x2  
  62  6:58  SCV  
  62  7:00  SCV  
  67  7:02  Marine  
  67  7:04  Supply Depot  
  68  7:10  Marine, SCV  
  70  7:19  Siege Tank  
  70  7:20  SCV  
  74  7:23  SCV  
  74  7:24  Orbital Command  
  74  7:29  Supply Depot  
  75  7:32  SCV  
  75  7:35  SCV  
  77  7:39  Marine  
  78  7:46  Armory, Barracks  
  78  7:48  Barracks, SCV x2  
  78  7:49  Engineering Bay  
  78  7:50  Marine  
  81  7:55  Orbital Command  
  81  7:57  Marine  
  81  7:58  Marauder  
  84  8:01  Siege Tank  
  84  8:02  Medivac  
  84  8:03  SCV  
  90  8:06  SCV  
  90  8:09  Marine  
  92  8:16  SCV  
  92  8:17  Supply Depot  
  92  8:18  SCV  
  94  8:24  Terran Infantry Armor Level 1  
  94  8:28  SCV  
  94  8:29  Marine, Combat Shields  
  94  8:30  Marauder  
  94  8:31  SCV  
  99  8:39  Marine x2  
  99  8:40  SCV  
  102  8:43  Marine, SCV  
  102  8:48  Marine  
  105  8:51  Marauder  
  105  8:52  SCV  
  105  8:55  SCV  
  103  9:13  Marauder  
  95  9:27  Marine x2  
  95  9:29  Marine x2  
  89  9:31  Marine  
  89  9:34  Marauder  
  89  9:38  Viking x2  
  96  9:39  SCV  
  96  9:40  SCV  
  98  9:45  Starport  
  98  9:50  Barracks Reactor, Barracks Tech Lab  
  98  9:51  SCV  
  99  9:52  Missile Turret  
  99  9:55  Marine x2, SCV  
  99  9:56  Marine x2  
  104  10:00  Marine  
  104  10:01  Concussive Shells  
  104  10:03  SCV  
  106  10:08  Missile Turret  
  106  10:10  Viking x2  
  106  10:13  Marine x4, SCV  
  106  10:14  Marine  
  116  10:15  Missile Turret  
  116  10:17  SCV  
  117  10:32  Terran Infantry Weapons Level 2  
  117  10:33  Terran Infantry Armor Level 2  
  117  10:34  Supply Depot  
  117  10:37  Marauder, Marine x5, SCV  
  117  10:39  Supply Depot  
  117  10:40  Supply Depot x2  
  125  10:43  Viking x2  
  125  10:45  Medivac, Viking  
  133  10:55  Marine x2, SCV  
  133  10:56  Barracks Tech Lab  
  136  10:58  Command Center  
  136  10:59  Terran Ship Weapons Level 1, Marauder, Supply Depot  
  136  11:00  SCV x2  
  136  11:03  Supply Depot  
  140  11:08  Marine  
  140  11:09  Marine  
  142  11:13  Viking x2  
  142  11:14  Marine x2  
  142  11:15  Marine  
  142  11:16  Marauder  
  151  11:24  Marine  
  152  11:25  Viking  
  152  11:26  Viking  
  152  11:27  SCV x2  
  152  11:32  Marine  
  159  11:34  Marauder  
  159  11:36  Marine x2  
  159  11:37  Marauder  
  165  11:46  Sensor Tower  
  165  11:53  Liberator  
  164  11:54  Liberator  
  164  11:55  Liberator  
  154  12:09  Marine x3  
  154  12:13  SCV  
  167  12:16  Planetary Fortress  
  167  12:17  Missile Turret  
  167  12:28  Refinery  
  169  12:30  Refinery  
  169  12:32  Marauder, Marine x6  
  177  12:37  Liberator  
  177  12:42  Command Center  
  175  12:49  Marine, Barracks  
  175  12:50  Marine x2  
  178  12:54  Terran Infantry Weapons Level 3  
  178  12:56  Missile Turret  
  178  12:57  Missile Turret  
  181  13:05  Terran Infantry Armor Level 3  
  181  13:09  Liberator  
  181  13:11  Refinery  
  181  13:12  Refinery, Marine x2  
  182  13:15  Marine  
  182  13:16  Marauder  
  186  13:20  Marine x2  
  186  13:22  Ghost Academy, Marine  
  192  13:29  Barracks  
  192  13:30  Marine, Barracks  
  192  13:32  Marine  
  192  13:33  Marine  
  195  13:40  Barracks  
  195  13:44  Marine  
  196  13:48  Command Center  
  196  13:56  Barracks Reactor  
  196  14:02  Marauder, Marine  
  199  14:34  Barracks Reactor, Barracks Tech Lab  
  193  14:42  Barracks Reactor  
  192  14:45  Liberator  
  192  14:46  Liberator x3  
  159  14:59  Marine  
  102  15:00  Marine  
  102  15:09  Marine  
  102  15:10  Marine x8  
  102  15:11  Siege Tank  
  102  15:13  Marine  
  109  15:17  Marine x2  
  109  15:20  Starport  
  111  15:23  Starport  
  111  15:25  Personal Cloaking  
  111  15:27  Ghost  
  113  15:28  Liberator x2  
  113  15:38  Missile Turret  
  113  15:43  Siege Tank  
  113  15:48  Missile Turret  
  113  15:49  Missile Turret  
  122  15:52  Viking x2  
  122  15:53  Missile Turret x2  
  126  15:57  Missile Turret  
  126  16:00  Starport Tech Lab  
  126  16:01  Starport Reactor  
  126  16:02  Missile Turret  
  126  16:03  Ghost x2  
  130  16:17  Command Center  
  130  16:19  Ghost  
  130  16:20  Ghost  
  130  16:22  Viking x2  
  138  16:27  Marine x2  
  142  16:33  Marauder  
  142  16:40  Marine  
  142  16:41  Marauder  
  142  16:42  Marine  
  142  16:43  Marine x2  
  142  16:44  Marine  
  149  16:48  Missile Turret  
  149  16:49  Cloaking Field, Marauder x2  
  149  16:50  Missile Turret  
  149  16:51  Nuke, Banshee  
  149  16:54  Marauder, Missile Turret  
  158  16:57  Viking  
  160  17:01  Missile Turret  
  160  17:02  Missile Turret  
  160  17:14  Marauder, Marine  
  115  17:24  Marine  
  115  17:25  Marine x2  
  108  17:40  Marine x2  
  108  17:41  Marauder x2  
  108  17:42  Marine  
  108  17:43  Marauder  
  112  17:54  Marine  
  112  17:55  Marauder  
  112  17:56  Marine x2  
  117  17:59  Banshee  
  117  18:01  Viking x2  
  117  18:02  Marauder, Viking x4  
  117  18:03  Marine x2  
  136  18:09  Planetary Fortress  
  136  18:10  Missile Turret  
  136  18:13  Marine x3  
  136  18:17  Widow Mine  
  136  18:18  Drilling Claws  
  141  18:25  Factory  
  141  18:30  Marine x2  
  141  18:31  Marauder x2, Marine x2  
  141  18:32  Ghost  
  141  18:33  Marine  
  141  18:34  Marauder  
  154  18:40  Viking  
  154  18:41  Viking x2  
  160  18:54  Viking x2  
  152  19:07  Marauder, Marine  
  152  19:08  Marauder, Marine  
  107  19:10  Marauder, Marine  
  107  19:13  Marine  
  107  19:14  Marauder  
  83  19:37  Marine  
  83  19:38  Marauder  
  74  19:41  Nuke  
  74  19:42  Marine x3  
  63  19:54  Ghost  
  42  20:08  Viking x2  
  42  20:09  Viking  
  42  20:13  Marine x2  
  35  20:32  Orbital Command  
Tags
 
Add a new tag
Caveats
  • Supply blocks, unpowered buildings, or Contaminate may cause inaccurate times.
  • Supply counts are checked every 10 seconds.